 Dungeon Crawl Stone Soup version 0.28.0-53-g5a82cb258f (webtiles) character file.

Game seed: 11323758564335729516

273 DocClef the Spear-Bearer (level 6, -6/44 HPs)
             Began as a Merfolk Gladiator on June 29, 2022.
             Mangled by an orc warrior
             ... wielding a +0 scimitar
              (21 damage)
             ... while paralysed by Grinder
             ... on level 4 of the Dungeon.
             The game lasted 00:02:43 (2550 turns).

DocClef the Spear-Bearer (Merfolk Gladiator)        Turns: 2550, Time: 00:02:44

Health: -6/44      AC:  5    Str: 17    XL:     6   Next: 23%
Magic:  6/6        EV:  2    Int:  7    God:
Gold:   103        SH:  0    Dex: 15    Spells: 5/5 levels left

rFire   . . .      SeeInvis .   a - +0 trident
rCold   . . .      Faith    .   (no shield)
rNeg    . . .      Spirit   .   b - +0 leather armour
rPois   .          Reflect  .   i - +0 helmet
rElec   .          Harm     .   (no cloak)
rCorr   .          Rampage  .   g - +0 pair of gloves
Will    .....                   (no boots)
Stlth   +.........              (no amulet)
HPRegen 0.14/turn               (no ring)
MPRegen 0.10/turn               (no ring)

@: paralysed
A: (nimble swimmer 2), mertail
a: no special abilities


You were on level 4 of the Dungeon.
You visited 1 branch of the dungeon, and saw 4 of its levels.

You collected 103 gold pieces.

Inventory:

Hand Weapons
 a - a +0 trident (weapon)
Missiles
 d - 3 throwing nets (quivered)
Armour
 b - a +0 leather armour (worn)
 g - a +0 pair of gloves (worn)
 i - a +0 helmet (worn)
Jewellery
 n - a +6 ring of dexterity
Scrolls
 f - a scroll of teleportation {unknown}
 h - 2 scrolls of amnesia {unknown}
 l - a scroll of enchant weapon {unknown}
 m - a scroll of immolation {unknown}
 o - a scroll of fog {unknown}
Potions
 c - 2 potions of cancellation {unknown}
 e - 2 potions of curing {unknown}
 j - 2 potions of brilliance {unknown}
 k - a potion of heal wounds {unknown}


   Skills:
 - Level 2.1 Fighting
 + Level 9.8 Polearms
 - Level 2.0 Throwing
 - Level 4.0 Dodging


You had 5 spell levels left.
You didn't know any spells.
Your spell library contained the following spells:

 Spells                   Type           Power      Damage    Failure   Level
 Cause Fear               Hex            0%         N/A       99%         4
 Dragon Form              Tmut           0%         N/A       100%        7
 Dragon's Call            Summ           0%         N/A       100%        9


Dungeon Overview and Level Annotations

Branches:
Dungeon (4/15)
 Temple: D:4-7

Altars:

Shops:
D:2 =*:*

Annotations:
D:4 Grinder


Innate Abilities, Weirdness & Mutations

((You are very nimble when in or above water. (Stealth+, EV+, Speed+++)))
Your lower body shifts to a powerful aquatic tail in water.


Message History

The ufetubus hits you. The ufetubus barely misses you.
You miss the ufetubus. The ufetubus closely misses you. x2
You puncture the ufetubus!
You kill the ufetubus!
Found a viscous black potion.
You reach to attack!
You hit the kobold.
You kill the kobold!
You puncture the giant cockroach!
You kill the giant cockroach!
You reach to attack!
You hit the kobold.
You kill the kobold!
You puncture the orc!
You kill the orc!
An orc comes into view. It is wielding a +0 short sword.
Grinder comes into view.
An orc comes into view. It is wielding a +0 short sword.
The orc shouts!
You hear a shout!
Grinder says, "Make like a tree!"
An orc warrior comes into view. It is wielding a +0 scimitar.
Things that are here:
a +0 short sword; a kobold corpse You puncture Grinder!
Grinder is moderately wounded.
The orc completely misses you.
A hobgoblin comes into view.
Grinder blinks!
Grinder blinks!
You barely miss the orc. The orc barely misses you.
You hit the orc but do no damage. The orc misses you.
You puncture the orc!
You kill the orc!
Grinder gestures at you.
You suddenly lose the ability to move!
Grinder blinks!
The orc warrior hits you with a +0 scimitar!
The hobgoblin hits you.
The orc warrior hits you with a +0 scimitar!
The hobgoblin hits you.
The orc warrior hits you with a +0 scimitar!!
You die...

....................#
.........5..........#
....................#
....................#
....................#
....................#
......(........o....#
############...og.###
#####@## #.# #.# #.#
#.# #.# #.######
#...<..# ########


You could see Grinder, an orc warrior, an orc and a hobgoblin.

Vanquished Creatures
  Sigmund (D:3)
  5 adders
  An ufetubus (D:4)
  A worm (D:3)
  3 orcs
  5 ball pythons
  7 endoplasms
  A giant cockroach (D:4)
  6 goblins
  2 hobgoblins
  4 jackals (D:2)
  6 kobolds
  A quokka (D:1)
  8 bats
  2 frilled lizards
  4 rats
57 creatures vanquished.

Notes
Turn   | Place    | Note
-------+----------+-------------------------------------------
     0 | D:1      | DocClef the Merfolk Gladiator began the quest for the Orb.
     0 | D:1      | Reached XP level 1. HP: 16/16 MP: 1/1
    95 | D:1      | Reached skill level 5 in Polearms
   196 | D:1      | Reached XP level 2. HP: 22/22 MP: 2/2
   764 | D:2      | Found Qutipra's General Store.
   769 | D:2      | Reached skill level 6 in Polearms
   769 | D:2      | Reached XP level 3. HP: 27/27 MP: 3/3
  1136 | D:2      | Found Milacuir's Jewellery Boutique.
  1282 | D:2      | Found Gieku's General Store.
  1305 | D:2      | Reached XP level 4. HP: 28/33 MP: 4/4
  1306 | D:2      | Reached skill level 7 in Polearms
  1445 | D:2      | Found Nonicw's Book Emporium.
  2052 | D:3      | Noticed Sigmund
  2066 | D:3      | Killed Sigmund
  2067 | D:3      | Reached skill level 9 in Polearms
  2067 | D:3      | Reached XP level 5. HP: 31/38 MP: 5/5
  2067 | D:3      | Reached XP level 6. HP: 36/44 MP: 6/6
  2524 | D:4      | Noticed Grinder
  2525 | D:4      | Noticed an orc warrior
  2546 | D:4      | Paralysed by Grinder for 6 turns
  2550 | D:4      | Mangled by an orc warrior

Illustrated notes

Levels and vault maps discovered:
D:1:      dpeg_arrival_leaves_temple_mockup, layout_basic, minivault_14,
          columned_hall_lemuel
D:2:      layout_rooms, serial_shops, nicolae_shop_stone, shop,
          nicolae_shop_crystal, shop
D:3:      layout_basic, uniq_sigmund
D:4:      layout_basic, uniq_grinder

Skill      XL: |  1  2  3  4 |
---------------+-------------+-----
Polearms       | 5 6 9 |  9.8
Fighting       | |  2.1
Throwing       | |  2.0
Dodging        | |  4.0

Action                   |  1- 3 |  4- 6 || total
-------------------------+-------+-------++-------
Melee: Trident           |   100 |    61 ||   161
       Punch             |     2 |       ||     2
 Stab: Sleeping          |     2 |     1 ||     3
Armor: Leather armour    |    25 |     9 ||    34
Dodge: Dodged            |    67 |    31 ||    98
